Map: [ESL] Data-C

Players

PtitDrogo

  • Race: Protoss Protoss
  • Spawn Location: 3:00

Lambo - Winner!

  • Race: Zerg Zerg
  • Spawn Location: 9:00

Event: HomeStory Cup XXII

VOD

Have the link to the VOD?

Description

Time

  • Played on: Dec. 15, 2022, 8:15 a.m.
  • Length: 13:15

All games in this series

Show
View Real Time Build Order
Export as new Build Order

PtitDrogo Protoss 

Build Orders: 1 Gate Expand, Oracle Opening, Zealot Archon 

Get SALT Encoding   

  12  0:00  Probe  
  13  0:12  Probe  
  14  0:18  Pylon  
  14  0:24  Probe  
  15  0:30  Assimilator  
  15  0:37  Probe (Chrono Boost)  
  16  0:44  Gateway  
  16  0:48  Probe (Chrono Boost)  
  17  0:53  Probe (Chrono Boost)  
  18  1:03  Probe  
  19  1:15  Probe  
  20  1:24  Nexus  
  20  1:34  Cybernetics Core  
  20  1:37  Probe  
  21  1:42  Assimilator  
  21  1:49  Probe  
  21  1:52  Pylon  
  22  2:01  Probe  
  23  2:09  Stalker (Chrono Boost)  
  23  2:13  Probe  
  26  2:17  Stargate  
  26  2:24  Warp Gate  
  26  2:26  Probe (Chrono Boost)  
  27  2:31  Adept  
  29  2:37  Probe (Chrono Boost)  
  29  2:44  Probe (Chrono Boost)  
  31  2:46  Probe (Chrono Boost)  
  31  2:51  Probe x2 (Chrono Boost)  
  33  2:58  Oracle (Chrono Boost)  
  34  3:02  Probe  
  34  3:03  Probe  
  39  3:07  Gateway  
  39  3:11  Pylon  
  39  3:14  Probe  
  39  3:15  Probe  
  41  3:25  Oracle (Chrono Boost)  
  41  3:27  Probe x2  
  46  3:39  Probe  
  46  3:40  Probe  
  48  3:46  Nexus  
  48  3:51  Pylon  
  48  3:53  Probe  
  49  3:58  Oracle  
  49  4:00  Probe (Chrono Boost)  
  53  4:03  Pylon  
  54  4:10  Probe (Chrono Boost)  
  54  4:12  Probe (Chrono Boost), Assimilator x2  
  54  4:14  Adept  
  57  4:20  Probe (Chrono Boost)  
  57  4:21  Probe (Chrono Boost)  
  59  4:29  Probe  
  60  4:32  Twilight Council, Forge, Probe  
  61  4:42  Probe (Chrono Boost)  
  61  4:43  Gateway  
  61  4:44  Gateway  
  62  4:47  Probe (Chrono Boost)  
  64  4:54  Probe (Chrono Boost)  
  64  4:57  Probe (Chrono Boost)  
  64  4:58  Charge  
  65  5:00  Probe (Chrono Boost)  
  65  5:02  Probe (Chrono Boost)  
  65  5:05  Protoss Ground Weapons Level 1 (Chrono Boost), Probe (Chrono Boost)  
  68  5:10  Stalker  
  68  5:13  Probe (Chrono Boost), Stalker  
  68  5:14  Probe (Chrono Boost)  
  75  5:17  Probe (Chrono Boost)  
  75  5:18  Probe (Chrono Boost)  
  75  5:20  Probe (Chrono Boost)  
  77  5:21  Pylon  
  77  5:26  Templar Archives, Probe  
  78  5:28  Probe  
  78  5:30  Assimilator  
  78  5:31  Assimilator  
  78  5:32  Probe  
  80  5:38  Probe  
  80  5:41  Probe, Gateway  
  80  5:42  Gateway, Psionic Storm  
  82  5:44  Probe  
  83  5:50  Gateway x2, Probe  
  83  5:53  Probe  
  83  5:56  Probe  
  86  6:01  Gateway  
  86  6:04  High Templar x2  
  86  6:07  Pylon  
  90  6:14  Shield Battery, Nexus  
  90  6:17  High Templar  
  92  6:21  Probe  
  93  6:27  Photon Cannon  
  93  6:29  High Templar  
  93  6:31  Shield Battery, Probe  
  96  6:34  Probe  
  96  6:35  Pylon  
  96  6:36  Archon, Photon Cannon  
  96  6:38  Zealot x3  
  97  6:47  High Templar x2  
  97  6:53  Probe x2  
  97  6:54  Probe  
  104  6:57  Gateway  
  104  6:58  Gateway  
  104  7:00  Pylon  
  104  7:01  High Templar x2  
  106  7:02  Assimilator  
  106  7:06  Assimilator  
  106  7:08  Pylon x2  
  108  7:13  Probe  
  108  7:15  Photon Cannon  
  109  7:17  Photon Cannon  
  109  7:18  Probe x2  
  111  7:24  High Templar  
  111  7:25  High Templar x2  
  111  7:27  Probe  
  111  7:28  Zealot x3  
  111  7:29  Archon  
  124  7:36  Stalker x2  
  126  7:49  Stalker x3  
  126  8:01  High Templar x2, Fleet Beacon  
  126  8:03  Probe x2  
  126  8:05  Shield Battery, Photon Cannon  
  132  8:07  Zealot x4  
  132  8:12  Zealot x4  
  142  8:26  Protoss Ground Weapons Level 2  
  126  8:39  Zealot x5  
  136  8:43  Blink (Chrono Boost), Stalker x5  
  146  8:50  Pylon  
  146  8:54  Pylon  
  144  9:08  Probe, Pylon  
  147  9:13  Probe  
  147  9:17  Stalker x5  
  150  9:19  Stalker  
  150  9:20  Mothership (Chrono Boost)  
  155  9:32  Robotics Facility  
  151  9:48  Pylon  
  151  9:50  Nexus  
  151  9:55  Pylon  
  151  9:56  Pylon  
  151  9:57  Archon  
  151  9:58  Pylon  
  151  9:59  Pylon  
  145  10:08  High Templar x2  
  145  10:11  Gateway  
  145  10:12  Probe x2 (Chrono Boost)  
  145  10:13  Gateway  
  149  10:15  Gateway, High Templar x6  
  149  10:18  Gateway  
  149  10:20  Probe (Chrono Boost)  
  153  10:37  Observer (Chrono Boost)  
  154  10:54  High Templar x2  
  154  10:56  Zealot x6  
  170  10:59  Archon  
  170  11:00  Probe  
  170  11:01  Probe  
  170  11:02  Probe  
  173  11:08  Zealot x2  
  173  11:10  Probe  
  178  11:21  Probe x3  
  178  11:22  Probe  
  178  11:24  Nexus  
  166  11:26  Pylon  
  166  11:33  Probe x3  
  166  11:34  Probe  
  166  11:36  Tempest (Chrono Boost)  
  171  11:45  Probe  
  171  11:46  Probe x3  
  173  11:49  Photon Cannon  
  173  11:50  Photon Cannon  
  173  11:52  Photon Cannon  
  173  11:54  Photon Cannon  
  173  11:55  Shield Battery  
  173  11:57  Probe  
  173  11:58  Probe x3, Pylon  
  177  12:08  Zealot x10  
  183  12:10  Probe  
  183  12:13  Probe x3  
  187  12:21  Tempest (Chrono Boost)  
  187  12:22  Probe  
  188  12:25  Probe x3  
  188  12:26  Stargate  
  186  12:41  Zealot  
  186  12:42  Zealot x11  
  134  13:03  Zealot x10  
Show
View Real Time Build Order
Export as new Build Order

Lambo Zerg - Winner!

Build Orders: Hatch First, Lurkers, Swarm Host 

Get SALT Encoding   

  12  0:00  Drone  
  13  0:12  Overlord  
  13  0:16  Drone  
  14  0:30  Drone x2  
  16  0:48  Hatchery  
  15  0:51  Drone  
  15  0:54  Drone  
  17  0:58  Drone  
  18  1:09  Extractor  
  17  1:13  Spawning Pool  
  17  1:16  Drone  
  17  1:20  Drone  
  18  1:27  Drone  
  19  1:38  Drone  
  20  1:50  Overlord  
  20  2:00  Queen x2  
  20  2:01  Zergling x4  
  26  2:10  Metabolic Boost  
  26  2:13  Drone x2  
  28  2:21  Drone  
  29  2:23  Drone  
  30  2:32  Drone x2  
  32  2:39  Hatchery  
  31  2:45  Drone, Overlord  
  32  2:52  Queen  
  32  2:55  Drone x2  
  36  3:03  Queen  
  38  3:06  Overlord  
  38  3:10  Drone  
  41  3:12  Drone x2  
  41  3:14  Drone  
  42  3:20  Drone x2  
  44  3:27  Queen  
  44  3:33  Drone  
  44  3:34  Drone  
  48  3:43  Spore Crawler  
  48  3:45  Drone, Overlord  
  48  3:49  Zergling x4  
  48  3:53  Queen, Drone x2  
  54  4:00  Spore Crawler, Drone  
  54  4:01  Drone, Overlord  
  54  4:02  Overlord  
  55  4:04  Drone x2  
  57  4:10  Drone  
  57  4:12  Drone  
  57  4:13  Overlord  
  59  4:17  Spore Crawler  
  59  4:21  Drone x3  
  61  4:27  Drone x3  
  65  4:31  Drone  
  65  4:32  Drone x2, Roach Warren  
  65  4:34  Zergling x2  
  65  4:35  Zergling x2  
  65  4:37  Drone  
  65  4:38  Drone x2  
  71  4:43  Lair, Extractor  
  70  4:45  Spore Crawler  
  70  4:46  Extractor  
  70  4:49  Drone x3  
  70  4:52  Drone  
  72  4:56  Overlord  
  72  5:01  Drone x7  
  72  5:02  Extractor  
  78  5:08  Evolution Chamber  
  78  5:09  Drone x3  
  78  5:10  Drone x3  
  83  5:15  Drone  
  83  5:18  Extractor x2  
  82  5:22  Drone x3  
  85  5:28  Overlord  
  85  5:29  Hatchery  
  85  5:30  Overlord  
  85  5:33  Drone  
  85  5:34  Drone x3  
  87  5:37  Queen  
  87  5:38  Zerg Missile Weapons Level 1  
  87  5:42  Drone  
  90  5:44  Glial Reconstitution  
  90  5:49  Zergling x2  
  97  5:50  Zergling x12  
  97  5:52  Hatchery  
  97  5:56  Infestation Pit  
  95  5:57  Overlord  
  95  5:59  Overlord  
  95  6:00  Overlord  
  95  6:01  Overlord  
  95  6:28  Extractor  
  94  6:38  Swarm Host x13  
  130  6:41  Swarm Host  
  130  6:45  Roach x2  
  133  6:49  Drone x3  
  133  6:52  Swarm Host  
  138  6:56  Queen  
  138  6:59  Roach x2  
  144  7:04  Overlord  
  144  7:05  Overlord x2  
  144  7:07  Roach x3  
  150  7:17  Overlord  
  150  7:18  Overlord  
  150  7:26  Roach x12, Spine Crawler  
  173  7:34  Roach  
  175  7:42  Spine Crawler  
  173  7:55  Roach  
  173  7:56  Roach x5, Overlord  
  185  8:02  Ravager x3  
  185  8:03  Ravager x2  
  190  8:09  Overlord  
  184  8:20  Hydralisk Den  
  184  8:22  Roach  
  184  8:23  Roach x8, Extractor  
  188  8:37  Roach x6  
  196  8:44  Drone x2  
  199  8:48  Ravager  
  199  8:55  Hatchery  
  194  9:05  Hive  
  194  9:06  Muscular Augments  
  194  9:07  Lurker Den  
  191  9:12  Roach  
  191  9:13  Roach x3  
  183  9:34  Ravager  
  178  9:38  Hydralisk x9  
  187  9:46  Zerg Missile Weapons Level 2  
  187  9:48  Evolution Chamber  
  180  10:02  Hydralisk x2  
  182  10:11  Drone x4  
  182  10:14  Spine Crawler  
  185  10:16  Spine Crawler  
  179  10:28  Spore Crawler  
  174  10:36  Viper x2  
  174  10:40  Seismic Spines, Grooved Spines  
  174  10:41  Lurker x4  
  174  10:42  Lurker  
  185  10:43  Spore Crawler  
  185  10:44  Lurker x2, Drone x5  
  185  10:45  Spore Crawler, Drone x2  
  185  10:47  Zerg Ground Armor Level 1  
  187  10:59  Drone x8  
  195  11:08  Spore Crawler  
  195  11:09  Spore Crawler, Extractor  
  195  11:10  Overseer x2  
  192  11:11  Spine Crawler  
  192  11:12  Spine Crawler  
  192  11:13  Extractor  
  192  11:16  Overseer  
  185  11:19  Hydralisk  
  185  11:20  Hydralisk x6  
  199  11:37  Adaptive Talons, Pneumatized Carapace  
  191  11:48  Hydralisk x5  
  191  11:51  Overseer  
  192  12:00  Hydralisk x3  
  189  12:06  Drone x3  
  186  12:18  Lurker x4  
  186  12:19  Spore Crawler  
  186  12:20  Spore Crawler  
  186  12:21  Spore Crawler  
  184  12:33  Hydralisk x9  
  199  12:49  Roach  
Tags
 
Add a new tag
Caveats
  • Supply blocks, unpowered buildings, or Contaminate may cause inaccurate times.
  • Supply counts are checked every 10 seconds.